 Dungeon Crawl Stone Soup version 0.30.1-4-g462c640d31 (webtiles) character file.

Game seed: 7959543780199271430

109 rvierbuc the Chopper (level 4, -3/20 (33) HPs)
             Began as a Demonspawn Gladiator on Aug 24, 2023.
             Killed by nerve-wracking pain
             ... invoked by Grinder
              (9 damage)
             ... while paralysed by Grinder
             ... on level 4 of the Dungeon.
             The game lasted 00:05:54 (3026 turns).

rvierbuc the Chopper (Demonspawn Gladiator)         Turns: 3026, Time: 00:05:54

HP:   -3/20 (33)    AC: 10    Str: 16    XL:     4   Next: 60%
MP:   4/4           EV:  2    Int:  9    God:
Gold: 136           SH:  0    Dex: 15    Spells: 3/4 levels left

rFire   . . .        a - +0 war axe
rCold   . . .        (no shield)
rNeg    . . .        b - +0 leather armour
rPois   .            c - +0 helmet
rElec   .            (no cloak)
rCorr   .            (no gloves)
SInv    .            (no boots)
Will    .....        (no amulet)
Stlth   +            (no ring)
HPRegen 0.23/turn    (no ring)
MPRegen 0.09/turn

%: no passive effects
@: paralysed, sanguine armoured, very heavily drained
A: sanguine armour 1
a: no special abilities


You were on level 4 of the Dungeon.
You visited 1 branch of the dungeon, and saw 4 of its levels.

You collected 136 gold pieces.

Inventory:

Hand Weapons
 a - a +0 war axe (weapon)
Missiles
 d - a throwing net (quivered)
 e - a javelin
 r - 5 poisoned darts
Armour
 b - a +0 leather armour (worn)
 c - a +0 helmet (worn)
 s - a +0 ring mail
Jewellery
 m - an amulet of guardian spirit
Wands
 t - a wand of flame (22)
Scrolls
 j - a scroll of amnesia {unknown}
 k - 2 scrolls of vulnerability {unknown}
 l - 3 scrolls of identify {unknown}
 n - 3 scrolls of magic mapping {unknown}
 v - 2 scrolls of enchant weapon {unknown}
 w - 2 scrolls of noise {unknown}
 x - a scroll of teleportation {unknown}
 y - a scroll of brand weapon {unknown}
Potions
 f - a potion of ambrosia {unknown}
 g - 2 potions of brilliance {unknown}
 h - 2 potions of lignification {unknown}
 i - 3 potions of haste {unknown}
 o - a potion of attraction {unknown}
 p - 3 potions of curing {unknown}
 q - 2 potions of mutation {unknown}
 u - 2 potions of degeneration {unknown}
 z - a potion of magic {unknown}


   Skills:
 + Level 2.2 Fighting
 + Level 3.8 Axes
 + Level 1.8 Throwing
 + Level 1.2 Armour
 + Level 3.2 Dodging
 + Level 0.5 Stealth
 + Level 0.5 Spellcasting


You had 3 spell levels left.
You knew the following spells:

 Your Spells              Type           Power      Damage    Failure   Level
a - Kiss of Death         Conj/Necr      0%         2d5       43%         1

Your spell library contained the following spells:

 Spells                   Type           Power      Damage    Failure   Level
 Cigotuvi's Dreadful Rot  Necr/Pois/Air  0%         N/A       58%         2
 Confusing Touch          Hex            0%         N/A       82%         3
 Gell's Gravitas          Tloc           0%         N/A       82%         3
 Teleport Other           Tloc           0%         N/A       82%         3
 Dispel Undead            Necr           0%         3d6       99%         4
 Death Channel            Necr           0%         N/A       100%        6
 Dispersal                Tloc           0%         N/A       100%        6


Dungeon Overview and Level Annotations

Branches:
Dungeon (4/15)
 Temple: D:4-7

Altars:
Ashenzari
Cheibriados
Makhleb
Ru
Yredelemnul

Shops:
D:3 !

Annotations:
D:4 2 runed translucent doors, Babbit's ghost, amateur MiFi; Grinder


Innate Abilities, Weirdness & Mutations

When seriously injured, your blood forms armour. (AC +6)


Message History

You slash Grinder!
Grinder is moderately wounded.
Grinder completely misses you.
You barely miss Grinder.
Grinder is moderately wounded.
You hit the jackal but do no damage. Grinder misses you.
The jackal barely misses you. Grinder hits you but does no damage.
You barely miss Grinder.
Grinder is lightly wounded.
You hit the jackal. The jackal barely misses you. x2
Grinder gestures at you.
You suddenly lose the ability to move!
The jackal bites you but does no damage.
Grinder hits you but does no damage.
The jackal bites you but does no damage.
You can move again.
You hit Grinder.
Grinder is moderately wounded.
You barely miss the jackal.
The jackal bites you but does no damage.
Grinder says, "You look like you could use a good racking."
Grinder barely misses you.
Unknown command.
You barely miss Grinder.
Grinder is lightly wounded.
You hit the jackal.
You kill the jackal!
Grinder says, "DUCK!"
Grinder closely misses you.
You hit Grinder.
Grinder is moderately wounded.
Grinder misses you. Grinder gestures at you.
You suddenly lose the ability to move!
Grinder hits you!
* * * LOW HITPOINT WARNING * * *
Grinder grins, showing sharp teeth.
Grinder gestures at you. Pain shoots through your body!
You die...

....#........ ... .....
.....######.. #.# .... .....#
###########.# ...
...).####........(..###.##
.#.....##................#♣
######P.P.................♣
.♣P♣...............##.♣ #.....
♣♣P......5..###..# ......
♣.P......@..# ..........# ......
.♣.####....##########>...#
.....##..# #....###.#.####....#
.####....#####....#~#.~$~.##....#
.# #...#.........##~....#.#....#
.# #...#.......####.~#.⌠~.#....#
.####...........###...≈≈.W##....#
#.................####++####....#
#.###......####.................#


You could see Grinder.

Vanquished Creatures
  4 adders
  A worm (D:3)
  A dart slug (D:3)
  2 orcs (D:3)
  3 ball pythons
  2 endoplasms
  6 goblins
  5 hobgoblins
  13 jackals
  3 quokkas
  5 bats
  2 frilled lizards
  4 kobolds
  11 rats
62 creatures vanquished.

Notes
Turn   | Place    | Note
-------+----------+-------------------------------------------
     0 | D:1      | rvierbuc the Demonspawn Gladiator began the quest for the
                  | Orb.
     0 | D:1      | Reached XP level 1. HP: 16/16 MP: 1/1
   450 | D:1      | Gained mutation: When seriously injured, your blood forms
                  | armour. (AC +6) [demonic ancestry]
   450 | D:1      | Reached XP level 2. HP: 22/22 MP: 2/2
   811 | D:2      | Reached XP level 3. HP: 16/27 MP: 3/3
  1033 | D:2      | Reached skill level 1 in Armour
  1481 | D:2      | Reached XP level 4. HP: 33/33 MP: 4/4
  1877 | D:3      | Learned a level 1 spell: Kiss of Death
  1955 | D:3      | Found a sacrificial altar of Ru.
  2245 | D:3      | Found a broken altar of Ashenzari.
  2273 | D:3      | Found Bimulun's Distillery.
  2784 | D:4      | Found a burning altar of Makhleb.
  2925 | D:4      | Found a large runed translucent door.
  2926 | D:4      | Found a large runed translucent door.
  2933 | D:4      | Found a snail-covered altar of Cheibriados.
  2933 | D:4      | Noticed Babbit's ghost (amateur MiFi)
  2956 | D:4      | Found a basalt altar of Yredelemnul.
  3000 | D:4      | Noticed Grinder
  3020 | D:4      | Paralysed by Grinder for 2 turns
  3024 | D:4      | Paralysed by Grinder for 3 turns
  3026 | D:4      | Killed from afar by Grinder

Illustrated notes

Levels and vault maps discovered:
D:1:      roderic_chinese_lattice_arrival, layout_loops_ring,
          grunt_decor_resistance
D:2:      layout_basic, nicolae_eternal_life, minivault_5,
          minmay_rat_gold_closets
D:3:      layout_basic, marbit_many_paths, nicolae_ru_awakened_eye,
          mainiacjoe_overflow_alcove_2, serial_shops, shop
D:4:      layout_basic, mainiacjoe_overflow_cross_hatched,
          mainiacjoe_overflow_large_starburst, ebering_ghost_disaster_area,
          serial_forest, infiniplex_forest_pool, infiniplex_forest_lined_room_,
          infiniplex_forest_end_1, infiniplex_forest_clump_small,
          infiniplex_forest_straight_2, infiniplex_forest_straight_2,
          infiniplex_forest_zigzag_1, serial_shops, kennysheep_mini,
          uniq_grinder

Skill      XL: |  1  2  3 |
---------------+----------+-----
Axes           | 3 |  3.8
Dodging        | 3 |  3.2
Armour         | 1 |  1.2
Fighting       | |  2.2
Throwing       | |  1.8
Stealth        | |  0.5
Spellcasting   | |  0.5

Action                     |  1- 3 |  4- 6 || total
---------------------------+-------+-------++-------
  Melee: War axe           |    86 |    83 ||   169
         Punch             |     2 |     2 ||     4
  Throw: Throwing net      |       |     3 ||     3
   Cast: Kiss of Death     |       |     3 ||     3
   Stab: Sleeping          |     4 |     4 ||     8
 Armour: Leather armour    |    30 |    26 ||    56
  Dodge: Dodged            |    59 |    69 ||   128
